Map: Acropolis LE

Players

Timurleng - Winner!

  • Race: Protoss Protoss
  • League: Diamond
  • Spawn Location: 5:00

A.I. 1 (Very Hard)

  • Race: Terran Terran
  • Spawn Location: 11:00

VOD

Have the link to the VOD?

Description

Time

  • Played on: Aug. 3, 2019, 6:11 p.m.
  • Length: 8:50
Show
View Real Time Build Order
Export as new Build Order

Timurleng Protoss - Winner!

Build Orders: 1 Gate Expand, Blink Stalkers, Zealot Archon 

Get SALT Encoding   

  12  0:01  Probe  
  13  0:13  Probe  
  14  0:18  Pylon  
  14  0:25  Probe  
  15  0:33  Probe  
  15  0:38  Gateway  
  15  0:41  Probe  
  16  0:47  Assimilator  
  17  0:51  Probe  
  18  1:03  Probe  
  19  1:15  Probe  
  20  1:24  Nexus  
  20  1:33  Cybernetics Core  
  20  1:36  Probe  
  21  1:42  Assimilator  
  21  1:48  Probe  
  21  1:52  Pylon  
  22  2:00  Stalker, Probe  
  23  2:11  Warp Gate  
  23  2:12  Probe  
  26  2:24  Probe  
  26  2:29  Sentry  
  27  2:37  Probe  
  30  2:40  Probe  
  31  2:46  Stalker  
  31  2:48  Twilight Council  
  31  2:49  Probe  
  32  2:52  Probe  
  35  3:01  Probe  
  35  3:04  Probe  
  37  3:09  Blink  
  37  3:12  Gateway  
  37  3:13  Gateway, Probe  
  37  3:17  Probe  
  39  3:25  Probe  
  40  3:27  Pylon  
  40  3:29  Probe  
  41  3:42  Probe x2  
  41  3:46  Assimilator  
  43  3:54  Probe  
  43  3:55  Probe  
  45  4:06  Probe  
  45  4:07  Probe  
  47  4:16  Stalker x3  
  53  4:19  Probe  
  54  4:25  Pylon  
  54  4:33  Nexus  
  54  4:34  Assimilator  
  54  4:35  Pylon  
  54  4:43  Probe x2  
  56  4:46  Stalker x3  
  56  4:47  Robotics Facility  
  62  4:53  Pylon  
  62  4:55  Probe  
  62  4:59  Forge  
  63  5:00  Charge  
  63  5:01  Forge  
  63  5:03  Probe  
  64  5:10  Probe  
  65  5:15  Probe  
  66  5:22  Probe  
  66  5:26  Protoss Ground Weapons Level 1  
  66  5:28  Protoss Ground Armor Level 1, Probe  
  68  5:34  Probe  
  69  5:37  Zealot x3  
  69  5:40  Probe  
  69  5:42  Pylon  
  76  5:46  Probe  
  77  5:52  Probe  
  76  6:08  Probe x3  
  76  6:09  Immortal  
  83  6:14  Zealot x3  
  89  6:19  Gateway  
  89  6:20  Probe  
  89  6:21  Gateway  
  89  6:23  Gateway  
  90  6:28  Probe x2  
  90  6:32  Probe  
  91  6:40  Warp Prism, Probe  
  91  6:44  Zealot  
  91  6:46  Probe x2  
  96  6:52  Robotics Facility  
  96  6:53  Assimilator, Pylon  
  98  6:55  Pylon  
  98  6:56  Pylon  
  98  7:08  Nexus, Probe x3  
  99  7:09  Templar Archives  
  99  7:10  Pylon  
  101  7:15  Assimilator  
  101  7:18  Assimilator  
  101  7:24  Assimilator  
  101  7:26  Pylon, Zealot x6  
  111  7:39  Immortal  
  111  7:40  Probe x3  
  118  7:50  High Templar x6  
  130  7:52  Probe x2  
  130  7:57  Archon x3  
  132  8:05  Gateway  
  132  8:07  Gateway  
  132  8:08  Gateway, Immortal  
  128  8:22  Zealot x2  
  128  8:23  Zealot x4  
Show
View Real Time Build Order
Export as new Build Order

A.I. 1 (Very Hard) Terran 

Build Orders: Command Center First (CC) 

Get SALT Encoding   

  12  0:00  SCV  
  13  0:13  SCV  
  14  0:18  Supply Depot  
  14  0:25  SCV  
  15  0:40  SCV  
  16  0:52  SCV  
  17  1:03  Command Center  
  17  1:04  SCV  
  18  1:16  Barracks  
  18  1:18  SCV  
  19  1:40  Refinery  
  19  1:53  Supply Depot  
  18  1:55  SCV  
  19  2:03  Marine  
  19  2:07  SCV  
  21  2:15  Refinery  
  21  2:16  Orbital Command  
  21  2:19  SCV  
  21  2:21  Marine  
  22  2:31  SCV  
  23  2:39  Marine  
  23  2:43  Barracks  
  25  2:44  SCV  
  25  2:54  Supply Depot, SCV  
  25  2:57  Marine  
  27  3:04  Orbital Command  
  27  3:09  SCV  
  28  3:14  Marine  
  29  3:20  Factory  
  29  3:22  SCV  
  30  3:29  Marine  
  30  3:30  SCV  
  30  3:32  Marine  
  30  3:34  SCV  
  33  3:42  SCV  
  33  3:46  SCV  
  33  3:47  Marine  
  36  3:50  Marine  
  36  3:54  SCV, Barracks  
  38  3:58  SCV  
  37  4:05  Barracks Tech Lab  
  37  4:06  SCV  
  37  4:08  Hellion  
  37  4:09  Barracks Tech Lab  
  37  4:23  Marine  
  38  4:25  Starport  
  38  4:26  SCV  
  38  4:27  Marine  
  38  4:28  SCV  
  38  4:30  Hellion  
  43  4:38  SCV  
  44  4:39  Stimpack  
  44  4:40  SCV, Marine  
  44  4:41  Combat Shield, Marine  
  44  4:45  Marine  
  48  4:46  Supply Depot  
  48  4:50  SCV  
  48  4:51  Factory Tech Lab  
  48  4:52  SCV  
  50  4:58  Marine  
  50  4:59  Marine  
  52  5:03  Marine  
  53  5:08  Medivac, SCV  
  53  5:11  SCV  
  53  5:13  Supply Depot  
  57  5:17  Barracks Reactor, Marauder  
  57  5:20  SCV, Marine  
  61  5:23  Refinery  
  61  5:27  Engineering Bay  
  61  5:33  SCV  
  61  5:34  Refinery, SCV, Siege Tank  
  66  5:38  Marine  
  66  5:39  Marauder  
  66  5:40  Supply Depot  
  68  5:46  SCV x2  
  65  5:53  Marine  
  65  5:54  Marine  
  65  5:55  Terran Infantry Weapons Level 1  
  65  5:56  Marauder  
  63  5:58  SCV  
  63  6:00  SCV, Marauder  
  58  6:10  SCV  
  58  6:11  Marine x2  
  56  6:12  SCV  
  56  6:18  Marauder  
  56  6:21  Marauder  
  56  6:22  SCV  
  56  6:24  SCV  
  55  6:29  Marine  
  55  6:30  Marine  
  51  6:34  SCV  
  51  6:36  SCV  
  51  6:39  Marine  
  49  6:43  Marauder  
  49  6:46  SCV  
  49  6:47  Marine  
  52  6:48  SCV, Marine  
  55  6:57  Marauder  
  55  6:58  SCV  
  55  7:00  SCV  
  59  7:04  Marine, Marauder  
  59  7:06  Marine  
  63  7:10  SCV  
  63  7:13  SCV  
  65  7:18  Marauder  
  65  7:22  Supply Depot, SCV, Marine  
  68  7:24  Marine  
  68  7:25  SCV  
  68  7:26  Marauder  
  72  7:34  SCV  
  73  7:37  SCV  
  73  7:40  Marine, Marauder  
  73  7:44  Marine  
  78  7:45  Supply Depot  
  78  7:47  SCV, Marauder  
  81  7:53  SCV  
  81  7:55  Concussive Shells  
  81  7:58  Marine  
  83  7:59  SCV  
  83  8:01  Marauder  
  86  8:06  SCV, Marine  
  86  8:08  Engineering Bay, Marauder  
  86  8:10  Supply Depot, Siege Tank  
  93  8:16  Marine  
  61  8:23  Marauder  
  61  8:24  Marine  
  52  8:29  Marine  
  52  8:31  SCV  
Tags
 
Add a new tag
Caveats
  • Supply blocks, unpowered buildings, or Contaminate may cause inaccurate times.
  • Supply counts are checked every 10 seconds.